APP
JOHNSON CITY CARDINALS @ KINGSPORT METS
10/05/2047
 
TOP OF THE 1ST
Johnson City Cardinals batting - Pitching for Kingsport Mets : RHP Frank Emery
Pitching: RHP Frank Emery
Batting: RHB Chris Rouleau 0-0: Foul Ball, location: 2F
0-1: Foul Ball, location: 2F
0-2: TRIPLE (Flyball, 9LD, EV 97.5 MPH)
Batting: RHB Nick Latulippe 0-0: Ball
1-0: Ball
Passed Ball!
Chris Rouleau scores
2-0: Ball
3-0: Base on Balls
Batting: SHB Justin Towry 0-0: Swinging Strike
0-1: Foul Ball, location: 2F
0-2: Strikes out swinging
Batting: RHB Nelson Salamanca 0-0: Called Strike
0-1: 2-RUN HOME RUN (Flyball, 7LD, EV 95.0 MPH), Distance : 356 ft
Batting: RHB McGwire Jones 0-0: Called Strike
0-1: Foul Ball, location: 2F
0-2: Strikes out swinging
Batting: SHB Bobby Mercado 0-0: Swinging Strike
0-1: Ball
1-1: Ball
2-1: Foul Ball, location: 2F
2-2: Strikes out swinging
Top of the 1st over - 3 runs, 2 hits, 0 errors, 0 left on base; Johnson City 3 - Kingsport 0
BOTTOM OF THE 1ST
Kingsport Mets batting - Pitching for Johnson City Cardinals : LHP Craig Soole
Pitching: LHP Craig Soole
Batting: RHB Larry Shoop 0-0: Foul Ball, location: 2F
0-1: SOLO HOME RUN (Flyball, 78XD, EV 87.5 MPH) (Inside the Park)
Batting: RHB Jake Geib 0-0: SOLO HOME RUN (Flyball, 7D, EV 93.8 MPH), Distance : 363 ft
Batting: RHB Mike Hanks 0-0: Ball
1-0: Foul Ball, location: 2F
1-1: Fly out, F9 (Flyball, 9D, EV 78.8 MPH)
Batting: RHB Artyom Shavkunov 0-0: Called Strike
0-1: Ball
1-1: Ball
2-1: Ball
3-1: Ground out 4-3 (Groundball, 4, EV 108.8 MPH)
Batting: RHB Enrique Aguirre 0-0: Ball
1-0: DOUBLE (Line Drive, 89M, EV 96.2 MPH)
Batting: RHB J.D. Brese 0-0: Foul Ball, location: 2F
0-1: Ball
1-1: Ball
2-1: Ball
3-1: Ground out 5-3 (Groundball, 56, EV 77.5 MPH)
Bottom of the 1st over - 2 runs, 3 hits, 0 errors, 1 left on base; Johnson City 3 - Kingsport 2
TOP OF THE 2ND
Johnson City Cardinals batting - Pitching for Kingsport Mets : RHP Frank Emery
Batting: RHB Sal Guzman 0-0: Ball
1-0: SINGLE (Groundball, 5D, EV 96.2 MPH)
Batting: RHB Johnny Lowe 0-0: Ball
Sal Guzman steals 2nd, throwing error, E2
Sal Guzman to third
1-0: SINGLE (Line Drive, 8RS, EV 99.4 MPH)
Sal Guzman scores
Batting: RHB Edgar Klockow 0-0: 2-RUN HOME RUN (Flyball, 7D, EV 98.8 MPH), Distance : 374 ft
Batting: RHB Chris Rouleau 0-0: Swinging Strike
0-1: Ball
1-1: Foul Ball, location: 2F
1-2: Foul Ball, location: 2F
1-2: Ball
2-2: SINGLE (Groundball, 5S, EV 70.0 MPH) (infield hit)
Pitching: RHP Gabe Kelso
Batting: RHB Nick Latulippe 0-0: Swinging Strike
0-1: Called Strike
0-2: Fielders Choice at 2nd, 5-4 (Groundball, 56, EV 105.6 MPH)
Batting: SHB Justin Towry 0-0: Called Strike
0-1: Ball
1-1: Foul Ball, location: 2F
1-2: Fielders Choice at 2nd, 4-6 (Groundball, 4, EV 83.1 MPH)
Batting: RHB Nelson Salamanca 0-0: Ball
Justin Towry steals 2nd base
1-0: Called Strike
1-1: Ball
2-1: Foul Ball, location: 2F
2-2: Strikes out swinging
Top of the 2nd over - 3 runs, 4 hits, 1 error, 1 left on base; Johnson City 6 - Kingsport 2
BOTTOM OF THE 2ND
Kingsport Mets batting - Pitching for Johnson City Cardinals : LHP Craig Soole
Batting: RHB Sam Callahan 0-0: Called Strike
0-1: Ball
1-1: Called Strike
1-2: Foul Ball, location: 2F
1-2: Ball
2-2: Ball
3-2: Base on Balls
Batting: LHB Matt Baker 0-0: Ball
1-0: Ball
2-0: Called Strike
2-1: Ball
3-1: SINGLE (Flyball, 5D, EV 87.5 MPH)
Sam Callahan to second
Batting: RHB Warren Carmichael 0-0: Ball
1-0: Fly out, F8 (Flyball, 78S, EV 81.9 MPH)
Batting: RHB Larry Shoop 0-0: Ball
1-0: Foul Ball, location: 2F
1-1: Ball
2-1: Foul Ball, location: 2F
2-2: Strikes out swinging
Batting: RHB Jake Geib 0-0: Ball
1-0: Called Strike
1-1: Fielders Choice at 2nd, 6-4 (Groundball, 6, EV 101.2 MPH)
Bottom of the 2nd over - 0 runs, 1 hit, 0 errors, 2 left on base; Johnson City 6 - Kingsport 2
TOP OF THE 3RD
Johnson City Cardinals batting - Pitching for Kingsport Mets : RHP Gabe Kelso
Batting: RHB McGwire Jones 0-0: Ball
1-0: Ball
2-0: DOUBLE (Groundball, 5L, EV 103.1 MPH)
Batting: SHB Bobby Mercado 0-0: Swinging Strike
0-1: Swinging Strike
0-2: Foul Ball, location: 2F
0-2: Ball
1-2: Ball
2-2: DOUBLE (Flyball, 8RD, EV 83.8 MPH)
McGwire Jones scores
Batting: RHB Sal Guzman 0-0: Swinging Strike
0-1: Ball
1-1: Ball
2-1: Ball
3-1: Ground out 6-3 (Groundball, 6, EV 83.8 MPH)
Batting: RHB Johnny Lowe 0-0: Called Strike
0-1: Swinging Strike
0-2: Ball
1-2: Ball
2-2: Strikes out swinging
Batting: RHB Edgar Klockow 0-0: Ball
1-0: Ball
2-0: Called Strike
2-1: Ball
3-1: Foul Ball, location: 2F
3-2: Base on Balls
Batting: RHB Chris Rouleau 0-0: Ball
1-0: Ball
2-0: SINGLE (Groundball, 15S, EV 61.9 MPH) (infield hit)
Bobby Mercado to third
Edgar Klockow to second
Batting: RHB Nick Latulippe 0-0: Ball
1-0: Fly out, F7 (Flyball, 7, EV 94.4 MPH)
Top of the 3rd over - 1 run, 3 hits, 0 errors, 3 left on base; Johnson City 7 - Kingsport 2
BOTTOM OF THE 3RD
Kingsport Mets batting - Pitching for Johnson City Cardinals : LHP Craig Soole
Batting: RHB Mike Hanks 0-0: DOUBLE (Line Drive, 9LM, EV 105.0 MPH)
Batting: RHB Artyom Shavkunov 0-0: Ground out U3 (Groundball, 34S, EV 85.0 MPH)
Mike Hanks to third
Batting: RHB Enrique Aguirre 0-0: Ball
1-0: Fly out, F8 (Line Drive, 8RM, EV 96.9 MPH)
Batting: RHB J.D. Brese 0-0: Ball
1-0: Swinging Strike
1-1: 2-RUN HOME RUN (Line Drive, 7LD, EV 94.4 MPH), Distance : 355 ft
Batting: RHB Sam Callahan 0-0: Ground out 4-3 (Groundball, 4MS, EV 84.4 MPH)
Bottom of the 3rd over - 2 runs, 2 hits, 0 errors, 0 left on base; Johnson City 7 - Kingsport 4
TOP OF THE 4TH
Johnson City Cardinals batting - Pitching for Kingsport Mets : RHP Gabe Kelso
Batting: SHB Justin Towry 0-0: Called Strike
0-1: SINGLE (Line Drive, 6D, EV 96.2 MPH)
Batting: RHB Nelson Salamanca 0-0: Foul Ball, location: 2F
0-1: Ball
Justin Towry steals 2nd base
1-1: Ball
2-1: SINGLE (Flyball, 4D, EV 91.2 MPH)
Justin Towry to third
Batting: RHB McGwire Jones 0-0: Ball
Nelson Salamanca steals 2nd base
1-0: Called Strike
1-1: Swinging Strike
1-2: SINGLE (Popup, 56D, EV 53.1 MPH)
Justin Towry scores
Nelson Salamanca to third
Batting: SHB Bobby Mercado 0-0: Ball
1-0: Called Strike
1-1: DOUBLE (Line Drive, 7LD, EV 110.0 MPH)
Nelson Salamanca scores
McGwire Jones to third
Runner from 3rd tries for Home, SAFE, no throw by LF
Pitching: RHP Rob Fennell
Batting: RHB Sal Guzman 0-0: Ball
1-0: Ball
2-0: Ground out 6-3 (Groundball, 6S, EV 77.5 MPH)
Batting: RHB Johnny Lowe 0-0: Foul Ball, location: 2F
0-1: Foul Ball, location: 2F
0-2: Strikes out swinging
Batting: RHB Edgar Klockow 0-0: Foul Ball, location: 2F
0-1: Called Strike
0-2: Foul Ball, location: 2F
0-2: Strikes out swinging
Top of the 4th over - 3 runs, 4 hits, 0 errors, 1 left on base; Johnson City 10 - Kingsport 4
BOTTOM OF THE 4TH
Kingsport Mets batting - Pitching for Johnson City Cardinals : LHP Craig Soole
Batting: LHB Matt Baker 0-0: Ground out U3 (Groundball, 34, EV 106.9 MPH)
Batting: RHB Warren Carmichael 0-0: Swinging Strike
0-1: Ball
1-1: Ball
2-1: Ball
3-1: Foul Ball, location: 2F
3-2: Ground out U3 (Groundball, 3L, EV 84.4 MPH)
Batting: RHB Larry Shoop 0-0: Ball
1-0: Ball
2-0: Ball
3-0: Base on Balls
Batting: RHB Jake Geib 0-0: Ball
1-0: Called Strike
Larry Shoop is caught stealing 2nd base 2-4
Bottom of the 4th over - 0 runs, 0 hits, 0 errors, 0 left on base; Johnson City 10 - Kingsport 4
TOP OF THE 5TH
Johnson City Cardinals batting - Pitching for Kingsport Mets : RHP Rob Fennell
Batting: RHB Chris Rouleau 0-0: Ball
1-0: Swinging Strike
1-1: Ball
2-1: Ball
3-1: Foul Ball, location: 2F
3-2: Base on Balls
Batting: RHB Nick Latulippe 0-0: Ball
1-0: Ball
2-0: Ball
3-0: Called Strike
3-1: Base on Balls
Chris Rouleau to second
Batting: SHB Justin Towry 0-0: Ball
1-0: Ball
2-0: Ball
3-0: Base on Balls
Chris Rouleau to third
Nick Latulippe to second
Batting: RHB Nelson Salamanca 0-0: Ball
1-0: Ball
2-0: Ball
3-0: Base on Balls
Chris Rouleau scores
Nick Latulippe to third
Justin Towry to second
Batting: RHB McGwire Jones 0-0: SINGLE (Groundball, 34D, EV 96.2 MPH)
Nick Latulippe scores
Justin Towry to third
Nelson Salamanca to second
Batting: SHB Bobby Mercado 0-0: Foul Ball, location: 2F
0-1: Ball
1-1: Swinging Strike
1-2: Strikes out swinging
Batting: RHB Sal Guzman 0-0: Ball
1-0: Ball
2-0: Ball
3-0: Base on Balls
Justin Towry scores
Nelson Salamanca to third
McGwire Jones to second
Batting: RHB Johnny Lowe 0-0: Called Strike
0-1: Ball
Wild Pitch!
Nelson Salamanca scores
McGwire Jones to third
Sal Guzman to second
1-1: Ball
2-1: SINGLE (Line Drive, 56, EV 109.4 MPH)
McGwire Jones scores
Sal Guzman to third
Pitching: LHP Matt Allert
Batting: RHB Edgar Klockow 0-0: Ball
1-0: Swinging Strike
1-1: Ball
2-1: Foul Ball, location: 2F
2-2: Strikes out looking
Batting: RHB Chris Rouleau 0-0: SINGLE (Groundball, 6MD, EV 98.1 MPH)
Sal Guzman scores
Johnny Lowe to second
Runner from 2nd tries for 3rd, SAFE, throw by CF made to third
Batting: RHB Nick Latulippe 0-0: Ball
1-0: DOUBLE (Flyball, 8RXD, EV 94.4 MPH)
Johnny Lowe scores
Chris Rouleau to third
Runner from 3rd tries for Home, SAFE, throw by CF to home
Batting: SHB Justin Towry 0-0: Called Strike
0-1: Foul Ball, location: 2F
0-2: Ball
1-2: Ball
2-2: Ball
3-2: Foul Ball, location: 2F
3-2: Base on Balls
Batting: RHB Nelson Salamanca 0-0: Swinging Strike
0-1: Swinging Strike
0-2: Ball
Wild Pitch!
Nick Latulippe to third
Justin Towry to second
1-2: Strikes out swinging
Top of the 5th over - 8 runs, 4 hits, 0 errors, 2 left on base; Johnson City 18 - Kingsport 4
BOTTOM OF THE 5TH
Kingsport Mets batting - Pitching for Johnson City Cardinals : LHP Craig Soole
Batting: RHB Jake Geib 0-0: Ball
1-0: SINGLE (Line Drive, 8LS, EV 90.0 MPH)
Batting: RHB Mike Hanks 0-0: Fly out, F7 (Flyball, 78S, EV 90.0 MPH)
Batting: RHB Artyom Shavkunov 0-0: Called Strike
0-1: Swinging Strike
0-2: Ball
1-2: Ball
2-2: Ball
3-2: Foul Ball, location: 2F
3-2: Fly out, F6 (Line Drive, 6M, EV 65.0 MPH)
Lined into DP, 6-3 (Line Drive, 6M, EV 63.1 MPH)
Bottom of the 5th over - 0 runs, 1 hit, 0 errors, 0 left on base; Johnson City 18 - Kingsport 4
TOP OF THE 6TH
Johnson City Cardinals batting - Pitching for Kingsport Mets : LHP Matt Allert
Batting: RHB McGwire Jones 0-0: Ball
1-0: Ball
2-0: Ball
3-0: Base on Balls
Pitching: LHP Joe Edwards
Batting: SHB Bobby Mercado 0-0: Foul Ball, location: 2F
0-1: Swinging Strike
0-2: Strikes out swinging
Batting: RHB Sal Guzman 0-0: Ball
1-0: Fly out, F7 (Flyball, 78M, EV 77.5 MPH)
Batting: RHB Johnny Lowe 0-0: Foul Ball, location: 2F
0-1: Foul Ball, location: 2F
0-2: Ball
Passed Ball!
McGwire Jones to second
1-2: Ground out 5-3 (Groundball, 5S, EV 83.1 MPH)
Top of the 6th over - 0 runs, 0 hits, 0 errors, 1 left on base; Johnson City 18 - Kingsport 4
BOTTOM OF THE 6TH
Kingsport Mets batting - Pitching for Johnson City Cardinals : LHP Craig Soole
Batting: RHB Enrique Aguirre 0-0: DOUBLE (Line Drive, 7LM, EV 91.2 MPH)
Batting: RHB J.D. Brese 0-0: Called Strike
0-1: Called Strike
0-2: Ground out 4-3 (Groundball, 4M, EV 109.4 MPH)
Enrique Aguirre to third
Batting: RHB Sam Callahan 0-0: Swinging Strike
0-1: Swinging Strike
0-2: Strikes out swinging
Batting: LHB Matt Baker 0-0: Ball
1-0: Ball
2-0: Fly out, F4 (Flyball, 34D, EV 85.6 MPH)
Bottom of the 6th over - 0 runs, 1 hit, 0 errors, 1 left on base; Johnson City 18 - Kingsport 4
TOP OF THE 7TH
Johnson City Cardinals batting - Pitching for Kingsport Mets : LHP Joe Edwards
Batting: RHB Edgar Klockow 0-0: Ball
1-0: Ball
2-0: Swinging Strike
2-1: Called Strike
2-2: Strikes out looking
Batting: RHB Chris Rouleau 0-0: Swinging Strike
0-1: Ground out 6-3 (Groundball, 6, EV 103.8 MPH)
Pinch Hitting: RHB Alex Melgoza 0-0: Called Strike
0-1: Ball
1-1: Ball
2-1: Foul Ball, location: 2F
2-2: Ball
3-2: Strikes out looking
Top of the 7th over - 0 runs, 0 hits, 0 errors, 0 left on base; Johnson City 18 - Kingsport 4
BOTTOM OF THE 7TH
Kingsport Mets batting - Pitching for Johnson City Cardinals : LHP Craig Soole
Now at 3B: Alex Melgoza
Batting: RHB Warren Carmichael 0-0: Ball
1-0: Foul Ball, location: 2F
1-1: Ball
2-1: Fly out, F7 (Flyball, 7, EV 93.1 MPH)
Pinch Hitting: RHB Coltin Nellis 0-0: Swinging Strike
0-1: Called Strike
0-2: Foul Ball, location: 2F
0-2: Strikes out swinging
Batting: RHB Jake Geib 0-0: Ball
1-0: Ball
2-0: Called Strike
2-1: Ball
3-1: Base on Balls
Batting: RHB Mike Hanks 0-0: Foul Ball, location: 2F
0-1: Ball
1-1: Ball
2-1: Ball
Wild Pitch!
Jake Geib to second
3-1: Base on Balls
Batting: RHB Artyom Shavkunov 0-0: Ball
1-0: Ball
2-0: Ball
3-0: Ground out 4-3 (Groundball, 4, EV 87.5 MPH)
Bottom of the 7th over - 0 runs, 0 hits, 0 errors, 2 left on base; Johnson City 18 - Kingsport 4
TOP OF THE 8TH
Johnson City Cardinals batting - Pitching for Kingsport Mets : LHP Joe Edwards
Now in LF: Coltin Nellis
Batting: SHB Justin Towry 0-0: Ball
1-0: Foul Ball, location: 2F
1-1: Ball
2-1: Ground out 6-3 (Groundball, 6, EV 80.6 MPH)
Batting: RHB Nelson Salamanca 0-0: Ball
1-0: Ball
2-0: Ball
3-0: Base on Balls
Batting: RHB McGwire Jones 0-0: Foul Ball, location: 2F
0-1: Ball
1-1: Ball
2-1: Ball
3-1: Ground out 4-3 (Groundball, 4S, EV 68.8 MPH)
Nelson Salamanca to second
Batting: SHB Bobby Mercado 0-0: Foul Ball, location: 2F
0-1: Swinging Strike
0-2: Ball
1-2: Strikes out swinging
Top of the 8th over - 0 runs, 0 hits, 0 errors, 1 left on base; Johnson City 18 - Kingsport 4
BOTTOM OF THE 8TH
Kingsport Mets batting - Pitching for Johnson City Cardinals : LHP Craig Soole
Batting: RHB Enrique Aguirre 0-0: Ball
1-0: Fly out, F7 (Flyball, 78S, EV 76.9 MPH)
Batting: RHB J.D. Brese 0-0: Ball
1-0: Ball
2-0: Ball
3-0: Base on Balls
Pitching: LHP Kevin Turner
Batting: RHB Sam Callahan 0-0: Ball
1-0: Foul Ball, location: 2F
1-1: Swinging Strike
1-2: Ball
2-2: Fly out, F8 (Flyball, 89M, EV 91.2 MPH)
Pinch Hitting: RHB Danny Runberg 0-0: Called Strike
0-1: Swinging Strike
0-2: Ball
1-2: Strikes out swinging
Bottom of the 8th over - 0 runs, 0 hits, 0 errors, 1 left on base; Johnson City 18 - Kingsport 4
TOP OF THE 9TH
Johnson City Cardinals batting - Pitching for Kingsport Mets : LHP Joe Edwards
Pitching: LHP Dan Bremseth
Now at 2B: Warren Carmichael
Now at SS: Danny Runberg
Now in CF: Enrique Aguirre
Batting: RHB Sal Guzman 0-0: Foul Ball, location: 2F
0-1: Called Strike
0-2: Foul Ball, location: 2F
0-2: Fly out, F9 (Flyball, 89M, EV 90.6 MPH)
Batting: RHB Johnny Lowe 0-0: Ball
1-0: SOLO HOME RUN (Flyball, 7D, EV 97.5 MPH), Distance : 381 ft
Batting: RHB Edgar Klockow 0-0: Called Strike
0-1: Swinging Strike
0-2: Strikes out swinging, 2-3 out at first.
Batting: RHB Chris Rouleau 0-0: Ball
1-0: Foul Ball, location: 2F
1-1: Ball
2-1: Swinging Strike
2-2: Ground out 5-3 (Groundball, 56, EV 81.2 MPH)
Top of the 9th over - 1 run, 1 hit, 0 errors, 0 left on base; Johnson City 19 - Kingsport 4
BOTTOM OF THE 9TH
Kingsport Mets batting - Pitching for Johnson City Cardinals : LHP Kevin Turner
Batting: RHB Warren Carmichael 0-0: Ball
1-0: SINGLE (Groundball, 56D, EV 100.6 MPH)
Batting: RHB Coltin Nellis 0-0: Called Strike
0-1: Foul Ball, location: 2F
0-2: Strikes out swinging
Batting: RHB Jake Geib 0-0: Ball
1-0: Swinging Strike
1-1: Called Strike
1-2: Ball
2-2: Ball
3-2: Base on Balls
Warren Carmichael to second
Batting: RHB Mike Hanks 0-0: Called Strike
0-1: Foul Ball, location: 2F
0-2: Ball
1-2: Ball
2-2: Ball
3-2: Base on Balls
Warren Carmichael to third
Jake Geib to second
Batting: RHB Artyom Shavkunov 0-0: Swinging Strike
0-1: Ball
1-1: Called Strike
1-2: SINGLE (Groundball, 34, EV 103.8 MPH)
Warren Carmichael scores
Jake Geib to third
Mike Hanks to second
Pitching: RHP Ricky Enriquez
Pinch Hitting: SHB Keith Casner 0-0: Called Strike
0-1: Ball
1-1: SINGLE (Line Drive, 8LS, EV 93.1 MPH)
Jake Geib scores
Mike Hanks to third
Artyom Shavkunov to second
Batting: RHB J.D. Brese 0-0: Ball
1-0: Called Strike
1-1: Fly out, F8 (Flyball, 8LXD, EV 81.9 MPH)
Runner from 3rd tags up, SCORES, no throw by CF
Pinch Hitting: LHB Jeremy Moorehead 0-0: Called Strike
0-1: Ball
1-1: Ball
2-1: Fly out, F9 (Flyball, 9S, EV 81.2 MPH)
Bottom of the 9th over - 3 runs, 3 hits, 0 errors, 2 left on base; Johnson City 19 - Kingsport 7
Thursday, December 15th , 2022 - OOTP Baseball 23.9 Build 102